 BcadrenCrawl: Boulder Brew version 0.06-688-g08e91b2d95 (webtiles) character file.

Game seed: 15302261528475183141

358 pipel the Magician (level 6, 0/5 HPs) Fairy Fire Elementalist. Began on Dec 24, 2022. Slain by Edmund ... wielding a +1 dire flail of protection (1 damage) ... on level 2 of the Dungeon. The game lasted 00:09:56 (1359 turns).

pipel the Magician (Fairy Fire Elementalist)        Turns: 1359, Time: 00:09:56

Health: 0/5        AC:  0    Str:  2    XL:     6 ^: 221
Magic:  1/3        EV: 21    Int: 18    God:
Gold:   10         SH:  0    Dex: 19    Spells: 4/16 levels left

rFire    . . .     Slash    +   d - ring of protection from magic
rCold    . . .     Pierce   +
rNeg     . . .     Bludgeon +
rCorr    . . .     Vision   .
rPois    .         Gourm    .
rElec    .         Faith    .
MR       ++...     Spirit   .
HPRegen  0.11/turn Reflect  .
MPRegen  0.13/turn Harm     .
Stlth    +.........

@: about to teleport, glowing, very slow
A: tiny, no armour or weapons, only one jewelry slot, no melee attacks, fairy
magic, fairy shield, decreased potion and divine healing, unfitting armour,
flight, slowness 1, fairy light 1, insubstantial
a: Fly


You were on level 2 of the Dungeon.
You were not hungry.

You visited 1 branch of the dungeon, and saw 2 of its levels.

You collected 103 gold pieces.
You spent 93 gold pieces at shops.

Inventory:

Jewellery
 d - a ring of protection from magic (around core)
Scrolls
 c - a scroll of immolation
 f - a scroll of bless item
 i - a scroll of magic mapping
 j - a scroll of fog
Potions
 e - 2 potions of magic
 g - a potion of curing
Comestibles
 a - 2 chunks of flesh
 b - 3 rations


   Skills:
 + Level 2.9 Dodging
 - Level 1.4 Stealth
 + Level 5.9 Spellcasting
 + Level 5.6 Fire Magic


You had 4 spell levels left.
You knew the following spells:

 Your Spells              Type           Power        Failure   Level  Hunger
a - Foxfire               Fire           25 (25)      1%          1    0
b - Searing Ray Fire 25 (50) 1% 2 0-14 c - Fireball Fire 25 (200) 32% 5 214-374 d - Sticky Flame Fire/Pois      15 (100)     36%         4    94-194

Your spell library contained the following spells:

 Spells                   Type           Power        Failure   Level  Hunger
 Conjure Flame Fire 25 (100) 3% 3 14-74 Inner Flame Hex/Fire       15 (100)     12%         3    14-74


Dungeon Overview and Level Annotations

Branches:
Dungeon (2/8)

Altars:

Shops:
D:2 }?

Annotations:
D:2 Dowan, Duvessa, Edmund, Pikel


Innate Abilities, Weirdness & Mutations

You are too small to use any gear.
You can wear a single ring or amulet completely around your body.
You are incapable of melee of any kind.
Your magic reserves are extremely low but spells that normally cost one mana are free and all other spells cost one mana.
You are extremely frail but all attacks that strike you do exactly one damage.
The effect of potions and godly healing effects is reduced to match your tiny health and magic reserves.
You are able to fly continuously.
You cover ground slowly.
You exude a bright light in a small radius around yourself.
Your insubstantial form grants resistance to all physical attack and full immunity to sticky flames, nets and constriction. (rPhysical+)


Message History

The foxfire hits the ooze (5).
The ooze is moderately wounded. (8/13) HP The foxfire hits Edmund but does no damage.
Edmund is moderately wounded. (29/42) HP Edmund hits you with a +1 dire flail of protection (13)!
The searing ray hits Edmund but does no damage.
Edmund is moderately wounded. (29/42) HP Edmund hits you with a +1 dire flail of protection (12)!
Unknown command.
As you read the scroll of teleportation, it crumbles to dust.
You feel strangely unstable.
Edmund hits you with a +1 dire flail of protection (16)!
The ooze closely misses you.
Unknown command.
You enter the shallow water.
Moving in this stuff is going to be slow.
The crocodile bites you (12)!
* * * LOW HITPOINT WARNING * * *
Edmund hits you with a +1 dire flail of protection (13)!
You die...

#..#.;...≈≈.#≈.######≈.....#
##..#≈≈≈.≈≈≈.....##.≈##.)..≈#
#..≈.≈≈÷.P≈≈≈..#.≈∩.≈.#≈.†.≈#
#≈.##≈≈..≈≈≈≈#≈#≈..#≈≈##....#
#§.##≈≈.PP≈≈.########≈.#≈...# ≈
##..#≈≈.≈≈P..# ###..≈#..†.# ...
#..#..∩≈.P≈.# ###.#..##.†..#
..≈#####......J@# #≈≈.≈.≈#≈≈.†≈#
##..###..≈≈≈≈≈t@#####..#.#≈.#.##
≈..≈≈≈..≈≈≈≈≈≈........≈.≈≈≈≈...#
≈≈≈.≈≈≈P.)≈≈≈≈..≈≈.≈≈≈≈.≈≈≈≈≈≈≈.#
≈≈≈≈≈≈≈≈..≈≈≈≈.≈≈...≈≈..≈≈≈≈≈≈≈.#
;≈≈≈≈t≈≈≈.≈≈≈...≈.≈≈≈≈≈..≈≈≈≈≈≈.#
....≈≈≈≈≈.≈≈..≈....≈≈≈≈≈.≈≈≈≈≈≈≈#
.≈≈..≈≈≈≈....)≈≈≈≈.≈≈≈≈...≈≈≈≈≈.#
≈≈≈≈≈≈≈≈≈≈.≈≈≈≈b≈..≈≈≈≈≈≈.≈..≈..#
≈≈≈≈≈≈≈≈≈≈..≈≈≈≈..≈≈≈≈≈≈≈≈..≈≈P.#


You could see Edmund, a crocodile and an ooze.

Vanquished Creatures
  A big kobold (D:2)
  3 jellies (D:2)
  Natasha (D:2)
  2 giant cockroaches (D:1)
  10 sewer rats (D:2)
  A cinder newt (D:1)
  A worm (D:2)
  A dart slug (D:1)
  A leopard gecko (D:1)
  A bat (D:2)
  5 hobgoblins (D:1)
  5 ball pythons
  A hobgoblin skeleton (D:2)
  14 kobolds
  9 rats (D:1)
  A giant blowfly (D:2)
  A slave (D:1)
  2 withered plants (D:2)
60 creatures vanquished.

Vanquished Creatures (collateral kills)
  A bush (D:1)
  A withered plant (D:2)
2 creatures vanquished.

Vanquished Creatures (others)
  2 leopard geckos (D:2)
  A bat (D:2)
  3 kobolds (D:2)
  A bat skeleton (D:2)
  217 foxfires
  A giant blowfly (D:2)
  A slimehead (D:2)
  156 withered plants (D:2)
382 creatures vanquished.

Grand Total: 444 creatures vanquished

Notes
Turn   | Place    | Note
-------+----------+-------------------------------------------
     0 | D:1      | pipel the Fairy Fire Elementalist began the quest for the
                  | Orb.
     0 | D:1      | Reached XP level 1. HP: 3/3 MP: 3/3
   110 | D:1      | Reached XP level 2. HP: 3/3 MP: 3/3
   178 | D:1      | Reached XP level 3. HP: 4/4 MP: 3/3
   184 | D:1      | Learned a level 2 spell: Searing Ray
   661 | D:2      | Reached XP level 4. HP: 4/4 MP: 2/3
   663 | D:2      | Noticed Pikel
   785 | D:2      | Found Sedeulu Isecw's Gadget Shoppe.
   847 | D:2      | Noticed Natasha
   851 | D:2      | Killed Natasha
   851 | D:2      | Reached XP level 5. HP: 4/4 MP: 2/3
   859 | D:2      | Learned a level 5 spell: Fireball
  1024 | D:2      | Reached skill level 5 in Spellcasting
  1030 | D:2      | Reached skill level 5 in Fire Magic
  1056 | D:2      | Reached XP level 6. HP: 5/5 MP: 3/3
  1117 | D:2      | Noticed Duvessa
  1118 | D:2      | Noticed Dowan
  1240 | D:2      | Learned a level 4 spell: Sticky Flame
  1277 | D:2      | Found Nunouvoe's Magic Scroll Shop.
  1281 | D:2      | Bought a scroll of teleportation for 33 gold pieces
  1281 | D:2      | Bought a scroll of magic mapping for 38 gold pieces
  1281 | D:2      | Bought a scroll of fog for 22 gold pieces
  1347 | D:2      | Noticed Edmund
  1359 | D:2      | Slain by Edmund

Illustrated notes

Levels and vault maps discovered:
D:1:      dpeg_arrival_line_fractal, layout_rooms, serial_forest,
          infiniplex_forest_clump_cross, infiniplex_forest_clump_curved,
          infiniplex_forest_clump_tiny, infiniplex_forest_lined_2,
          infiniplex_forest_3_way, infiniplex_forest_straight_1,
          kennysheep_generic_room_16
D:2:      layout_sewer, marbit_many_paths, first_ration, serial_shops,
          kennysheep_mini, nicolae_shop_crystal, shop, shop,
          chequers_ecumenical_altar_simple,
          nicolae_dithmenos_through_a_glass_darkly, uniq_pikel, uniq_natasha,
          uniq_duvessa, uniq_edmund, uniq_menkaure

Skill      XL: |  1  2  3  4  5 |
---------------+----------------+-----
Spellcasting   | 3 4 5 |  5.9
Fire Magic     | 4 5 |  5.6
Dodging        | |  2.9
Stealth        | |  1.4

Action                   |  1- 3 |  4- 6 || total
-------------------------+-------+-------++-------
 Cast: Foxfire           |    80 |    55 ||   135
       Searing Ray       |     4 |    19 ||    23
       Fireball          |       |     4 ||     4
       Sticky Flame      |       |     1 ||     1
  Use: Scroll            |       |     2 ||     2
  Eat: Chunk             |       |     4 ||     4
Dodge: Dodged            |       |    10 ||    10
